[Event "Early-Titled-Tuesday-Blitz-October-17-2023"]
[Site "Chess.com"]
[Date "2023.10.17"]
[Round "1"]
[White "Witty_Alien"]
[Black "Mesa_1"]
[Result "0-1"]
[WhiteElo "2241"]
[BlackElo "2579"]
[TimeControl "180+1"]
[EndTime "8:07:32 PDT"]
[Termination "Mesa_1 won on time"]

1. e4 d6 2. d4 Nf6 3. Nc3 e5 4. Nf3 exd4 5. Nxd4 Be7 6. Bg5 O-O 7. Qd2 Nc6 8. O-O-O h6 9. h4 hxg5 10. hxg5 Ng4 11. g6 Bg5 12. f4 Nxd4 13. fxg5 Ne6 14. Nd5 fxg6 15. Bc4 b5 16. Bb3 c5 17. Rh4 c4 18.
Rxg4 cxb3 19. axb3 Bb7 20. Rh1 Rc8 21. Kb1 Qd7 22. Rgh4 Kf7 23. Rh7 Qd8 24. Qf2+ Ke8 25. Qxa7 Rb8 26. Rd1 Rf7 27. Rh8+ Nf8 28. Qd4 Bxd5 29.
exd5 Kd7 30. Qg4+ Kc7 31. Qb4 Kb6 32. c4 Qd7 33. Rh4 Qf5+ 34. Kc1 Qxg5+ 35. Rf4 Qxf4+ 36.
Kb1 Qe4+ 37. Kc1 Qe3+ 38. Rd2 Rf1+ 39. Kc2 Qe4+ 40. Rd3 Rf2+ 41. Kc3 Qe1+ 0-1

[Event "Early-Titled-Tuesday-Blitz-October-17-2023"]
[Site "Chess.com"]
[Date "2023.10.17"]
[Round "1"]
[White "SlavenPastar"]
[Black "ajedrezhoy"]
[Result "1-0"]
[WhiteElo "2657"]
[BlackElo "2364"]
[TimeControl "180+1"]
[EndTime "8:07:34 PDT"]
[Termination "SlavenPastar won on time"]

1. b3 c5 2. Bb2 Nc6 3. Nf3 d6 4. e3 e5 5. c4 g6 6. d4 exd4 7. exd4 Bg7 8. Be2 Nge7 9. Qd2 O-O 10. d5 Bxb2 11. Qxb2 Qa5+ 12. Nbd2 Nb8 13. O-O Bg4 14. Ne4 Nd7 15. Nxd6 Bxf3 16. Bxf3 Qb6 17. Ne4 Nf5 18. g3 Nd4 19. Bg2 Rae8 20. Rad1 f5 21. Ng5 Re2 22. Qa1 Ne5 23. Ne6 Nxe6 24. dxe6 Re8 25.
Bd5 Re7 26. Rfe1 Rxe1+ 27. Rxe1 Ng4 28. h3 Nh6 29. Qf6 Qd6 30. f4 b6 31. Kg2 Qd8 32. Kf3 Qf8 33. Qxf8+ Kxf8 34. g4 Kg7 35. g5 Ng8 36. h4 h5 37. a3 a5 38. b4 Rc7 39.
bxa5 bxa5 40. Rb1 Ne7 41. Rb5 1-0

[Event "Early-Titled-Tuesday-Blitz-October-17-2023"]
[Site "Chess.com"]
[Date "2023.10.17"]
[Round "1"]
[White "jasonbolivar"]
[Black "GeorgiosSouleidis"]
[Result "0-1"]
[WhiteElo "2334"]
[BlackElo "2633"]
[TimeControl "180+1"]
[EndTime "8:07:34 PDT"]
[Termination "GeorgiosSouleidis won on time"]

1. e4 c5 2. Nc3 e6 3. d3 Nc6 4.
g4 d5 5. Bg2 d4 6. Nce2 e5 7.
Ng3 Be6 8. Nh3 f6 9. f4 Qd7 10. f5 Bf7 11. O-O h6 12. Bd2 c4 13. Nf2 Bd6 14.
a3 Nge7 15. Bf3 cxd3 16. cxd3 O-O-O 17. b4 Rde8 18. h4 Kb8 19. h5 Rc8 20. Qa4 Ka8 21.
Rfc1 Nb8 22. Qxd7 Nxd7 23. a4 b6 24. Kf1 Kb7 25. Bd1 a6 26. Ne2 Rxc1 27. Rxc1 Rc8 28. Rxc8 Kxc8 29. Bc2 b5 30. axb5 axb5 31. Nc1 Nc6 32.
Nd1 Bxb4 33. Ke2 Bxd2 34. Kxd2 Nc5 35. Nb2 Kb7 36. Bb1 Nb4 37. Nd1 Kb6 38. Nf2 Ka5 39. Nh1 Ka4 40. Ng3 Ka3 41. Bc2 Kb2 42. Bd1 Na2 43.
Nxa2 Kxa2 44. Ne2 b4 45. Nc1+ Kb1 46. Ne2 b3 47. Ng1 b2 48. Bc2+ Ka2 49. Nf3 Bb3 0-1

[Event "Early-Titled-Tuesday-Blitz-October-17-2023"]
[Site "Chess.com"]
[Date "2023.10.17"]
[Round "1"]
[White "AleksanderHnydiuk"]
[Black "JimDiGrease"]
[Result "0-1"]
[WhiteElo "2506"]
[BlackElo "2886"]
[TimeControl "180+1"]
[EndTime "8:07:36 PDT"]
[Termination "JimDiGrease won on time"]

1. d4 d5 2. c4 e6 3. Nc3 c6 4. Qd3 Nf6 5. Bg5 Be7 6. O-O-O Nbd7 7.
Nf3 Ng4 8. Be3 Ndf6 9. Ne5 Nxe5 10. dxe5 Ng4 11. cxd5 exd5 12. Bd4 c5 13. Bxc5 O-O 14. Bxe7 Qxe7 15. Qg3 Bf5 16. f4 d4 17. Rxd4 Rfd8 18. e3 Qc5 19. Be2 Nxe3 20. Rxd8+ Rxd8 21. Qf2 Qd4 22. Bb5 a6 23. Re1 Nc2 24. Qxd4 Rxd4 25. Rd1 Rxd1+ 26.
Kxd1 axb5 27. Nxb5 Ne3+ 28. Kd2 Nxg2 29. Nd6 Be6 30. a4 Bd5 31. b4 Nxf4 32. Ke3 Ne6 33. a5 Kf8 34. b5 Ke7 35. Nxb7 Bxb7 36. a6 Bd5 37. b6 Kd7 38. b7 Kc7 39. h4 Kb8 40. h5 h6 41. Kd2 Bxb7 42. Kd3 Bxa6+ 0-1

[Event "Early-Titled-Tuesday-Blitz-October-17-2023"]
[Site "Chess.com"]
[Date "2023.10.17"]
[Round "1"]
[White "Ermito2020"]
[Black "Josgar05"]
[Result "0-1"]
[WhiteElo "2602"]
[BlackElo "2343"]
[TimeControl "180+1"]
[EndTime "8:07:36 PDT"]
[Termination "Josgar05 won by checkmate"]

1. e4 e6 2. d4 d5 3. e5 c5 4. c3 Nc6 5. Nf3 Qb6 6. Be2 Bd7 7. O-O c4 8. b3 cxb3 9. axb3 Nge7 10. Ba3 Ng6 11.
Bxf8 Kxf8 12. c4 Nf4 13. Nc3 Nxe2+ 14. Nxe2 Ne7 15. Nf4 Bc6 16. c5 Qd8 17. Ng5 Qd7 18.
Qh5 Nf5 19. Rfd1 g6 20. Qh3 Qe7 21. Nf3 h5 22. b4 Kg7 23. Ra3 Bb5 24. Ne1 g5 25.
Nxh5+ Kg6 26. g4 Be2 27. gxf5+ exf5 28. Rd2 Bxh5 29. Qg2 f4 30. Qxd5 Bg4 31. Qd6+ Qxd6 32. cxd6 Rac8 33. Nd3 Bf5 34. Ra1 Rc3 35. Nc5 Rch3 36.
f3 Rxf3 37. Rxa7 Rc3 38. Rxb7 g4 39. d7 f3 40. Rb6+ Kg5 41. Rd6 Rc1+ 42. Kf2 Rxh2+ 43.
Ke3 Re1+ 44. Re2 Rexe2# 0-1

[Event "Early-Titled-Tuesday-Blitz-October-17-2023"]
[Site "Chess.com"]
[Date "2023.10.17"]
[Round "1"]
[White "Smiechu"]
[Black "AsadliVugar"]
[Result "0-1"]
[WhiteElo "2505"]
[BlackElo "2883"]
[TimeControl "180+1"]
[EndTime "8:07:37 PDT"]
[Termination "AsadliVugar won by checkmate"]

1. e4 c5 2. Nf3 Nc6 3. d4 cxd4 4. Nxd4 Nf6 5. Nc3 e5 6. Ndb5 d6 7. Nd5 Nxd5 8. exd5 Nb8 9. a4 Be7 10. Be2 O-O 11. O-O Nd7 12. Be3 a6 13. Na3 b6 14.
Nc4 Bb7 15. a5 b5 16. Nb6 Nxb6 17. Bxb6 Qd7 18. c4 bxc4 19. Bxc4 f5 20. Qe2 e4 21. f3 exf3 22. Qxf3 Bf6 23. Rab1 Be5 24. b4 g5 25.
Rbe1 g4 26. Qd3 f4 27. b5 axb5 28. Bxb5 Qg7 29. a6 Bc8 30. a7 g3 31. hxg3 Bf5 32.
Qb3 fxg3 33. Rxe5 Qxe5 34. Bc6 Bc2 35. Qb5 Qh5 36. Rf3 Rxf3 37. gxf3 Qh2+ 38. Kf1 g2+ 39. Ke1 g1=Q+ 40. Bxg1 Qxg1+ 41. Kd2 Qf2+ 42. Kc3 Rxa7 43. Qb8+ Kg7 44. Qe8 Qc5+ 45. Kd2 Bg6 46. Qe6 Ra2+ 47.
Ke1 Qg1# 0-1

[Event "Early-Titled-Tuesday-Blitz-October-17-2023"]
[Site "Chess.com"]
[Date "2023.10.17"]
[Round "1"]
[White "Juicy_Fork"]
[Black "Hasangatin_Ramil"]
[Result "0-1"]
[WhiteElo "2430"]
[BlackElo "2719"]
[TimeControl "180+1"]
[EndTime "8:07:37 PDT"]
[Termination "Hasangatin_Ramil won by checkmate"]

1. e4 d5 2. exd5 Qxd5 3. Nc3 Qd6 4. Nf3 Nf6 5. d4 c6 6. Bc4 Bg4 7. Be3 Nbd7 8. h3 Bh5 9. g4 Bg6 10. Qd2 e6 11. O-O-O Qb4 12. Rhe1 Qxc4 13. Bf4 Bb4 14. Re3 Nd5 15. Ne5 Nxe5 16. Bxe5 Nxc3 17. Rxc3 Bxc3 18.
bxc3 Qxa2 19. Qe2 f6 20. Bd6 Kd7 21. Bc5 b6 22. d5 Qxc2+ 23. Qxc2 Bxc2 24. dxe6+ Kxe6 25. Rd6+ Ke5 26. Ba3 c5 27. Rd7 Bg6 28. Rxg7 Rhd8 29.
c4 Kf4 30. Bb2 Rd4 31. Bxd4 cxd4 32. Kd2 Kf3 33. Rd7 d3 34. Rd6 Kxf2 35. h4 Kg3 36. h5 Be4 37. Re6 f5 38. gxf5 Bxf5 39. Re5 Kf4 40. Re7 a5 41. Kc3 a4 42. Re1 a3 43. Ra1 a2 44. Kd2 Ke4 45. h6 Kd4 46.
c5 bxc5 47. Kd1 c4 48. Kc1 c3 49. Kd1 Rg8 50. Ke1 Rg2 51. Kf1 Rb2 52. Ke1 Rb1+ 53.
Kf2 Rxa1 54. Kf3 Re1 55. Kf4 d2 56. Kg5 d1=Q 57. Kf6 c2 58. Kg7 c1=Q 59. Kf8 a1=Q 60. Kg8 Ke3 61. Kf7 Kd2 62. Kf8 Bd3 63. Kg8 Ke2 64. Kf7 Kf2 65. Kg8 Kg2 66. Kf7 Kh1 67. Kg8 Rg1+ 68. Kf7 Bf1 69. Ke6 Qe3+ 70. Kf7 Qdf3# 0-1

[Event "Early-Titled-Tuesday-Blitz-October-17-2023"]
[Site "Chess.com"]
[Date "2023.10.17"]
[Round "1"]
[White "MDBIchess"]
[Black "Macron20hTF1"]
[Result "1/2-1/2"]
[WhiteElo "2311"]
[BlackElo "2592"]
[TimeControl "180+1"]
[EndTime "8:07:37 PDT"]
[Termination "Game drawn by repetition"]

1. d4 Nf6 2. Nf3 d5 3. e3 Bg4 4. c4 e6 5. b3 Bb4+ 6. Bd2 a5 7. Be2 O-O 8. O-O Ne4 9. a3 Bxd2 10. Nfxd2 Bxe2 11. Qxe2 Nd6 12. c5 Nf5 13. Nc3 Nc6 14.
Rab1 Re8 15. Nf3 h6 16. b4 axb4 17. axb4 e5 18. b5 exd4 19. bxc6 dxc3 20. cxb7 Rb8 21. Qd3 Qf6 22. Nd4 Nxd4 23. exd4 c2 24. Qxc2 Qxd4 25. c6 Qf6 26. Qc5 Re6 27. Qxd5 Rxc6 28. Qd7 Re6 29.
Qc8+ Re8 30. Qxe8+ Rxe8 31. b8=Q Rxb8 32. Rxb8+ Kh7 33.
Rc8 Qe7 34. Rc1 f5 35. R8xc7 Qe2 36. g3 f4 37. gxf4 Qg4+ 38. Kf1 Qxf4 39. h3 Qh2 40. R1c3 Qh1+ 41. Ke2 Qe4+ 42. Kf1 Qe5 43. Kg2 h5 44. Kf1 Kh6 45. R7c6+ g6 46. R6c5 Qe4 47. Kg1 Qb1+ 48. Kg2 Qe4+ 49. Kg1 Qf4 50. Rg3 Qe4 51. Rgc3 1/2-1/2

[Event "Early-Titled-Tuesday-Blitz-October-17-2023"]
[Site "Chess.com"]
[Date "2023.10.17"]
[Round "1"]
[White "AlexPapasimakopoulos"]
[Black "tomesao"]
[Result "1-0"]
[WhiteElo "2715"]
[BlackElo "2421"]
[TimeControl "180+1"]
[EndTime "8:07:38 PDT"]
[Termination "AlexPapasimakopoulos won by resignation"]

1. d4 Nf6 2. c4 e6 3. Nf3 d5 4. g3 Bb4+ 5. Bd2 Be7 6. Bg2 c6 7. O-O O-O 8. Qc2 Nbd7 9. b3 b6 10. Rd1 Bb7 11. Bf4 Rc8 12. Nc3 Nh5 13. cxd5 Nxf4 14.
gxf4 cxd5 15. Qd3 Bd6 16. e3 Qe7 17. Rac1 Ba3 18. Rc2 a6 19. Ne5 Nxe5 20. fxe5 f6 21. e4 fxe5 22. exd5 exd4 23. Qxd4 Bc5 24. Qe5 Qh4 25.
Qxe6+ Kh8 26. Ne4 Rce8 27. Nxc5 bxc5 28. Qh3 Qg5 29. Qg3 Qf5 30. Rcd2 Rf6 31. Kh1 Rg6 32. Qf3 Qe5 33. a3 Bc8 34. h3 Rf6 35. Qg3 Qf5 36. d6 Bd7 37. Rd5 Qxf2 38. Qxf2 Rxf2 39. Rxc5 Ree2 40. Rg5 h6 41. Rg3 Rxg2 42. Rxg2 Bc6 43. Rg1 Kg8 44. Kh2 Bxg2 45. Rxg2 Re3 46. Rg3 Re2+ 47.
Rg2 Re3 48. Rd2 Kf8 49. d7 1-0

[Event "Early-Titled-Tuesday-Blitz-October-17-2023"]
[Site "Chess.com"]
[Date "2023.10.17"]
[Round "1"]
[White "McCarthyStone"]
[Black "Aswathchess"]
[Result "0-1"]
[WhiteElo "2376"]
[BlackElo "2657"]
[TimeControl "180+1"]
[EndTime "8:07:38 PDT"]
[Termination "Aswathchess won by checkmate"]

1. b3 e5 2. Bb2 Nc6 3. e3 Nf6 4. Bb5 Bd6 5. Ne2 a6 6. Bxc6 dxc6 7. d3 Qe7 8. Nd2 Bf5 9. e4 Bg4 10. h3 Be6 11. Nc4 Nd7 12. Ng3 O-O-O 13. Nxd6+ cxd6 14. Qe2 g6 15. O-O-O Rde8 16. Rhf1 h5 17. Qe3 h4 18. Ne2 g5 19. d4 f6 20. d5 cxd5 21. exd5 Bf5 22.
Qa7 Kc7 23. Bc3 Rb8 24. Rfe1 Qh7 25. Ba5+ Kc8 26. Kb2 Nc5 27. b4 b6 28. Qxh7 Rxh7 29. bxc5 bxa5+ 30. Kc3 dxc5 31. Nc1 a4 32. Nd3 Rb5 33.
Kc4 Rd7 34. f3 Bg6 35. c3 Bf7 36. Nf2 Kc7 37. Ne4 Rb2 38. Nxf6 Rd8 39. Rxe5 Kd6 40. Rxg5 Rxa2 41. Ne4+ Kc7 42. Nxc5 Kb6 43. Rg7 Be8 44. Rb1+ Bb5+ 45. Kb4 a5# 0-1

[Event "Early-Titled-Tuesday-Blitz-October-17-2023"]
[Site "Chess.com"]
[Date "2023.10.17"]
[Round "1"]
[White "profedechess93"]
[Black "itsdsyr"]
[Result "1-0"]
[WhiteElo "2609"]
[BlackElo "2283"]
[TimeControl "180+1"]
[EndTime "8:07:38 PDT"]
[Termination "profedechess93 won by checkmate"]

1. e4 e5 2. Nf3 Nc6 3. Bc4 Bc5 4.
b4 Bxb4 5. c3 Bd6 6. d4 Nf6 7.
O-O O-O 8. Re1 b6 9. Nh4 Be7 10. Nf5 d6 11. Nxe7+ Nxe7 12. Bg5 Ng6 13. Nd2 h6 14.
Be3 Bb7 15. h3 Qe7 16. Qb3 Rad8 17. a4 Nxe4 18. Nxe4 Bxe4 19. Bc1 Ba8 20. a5 Qf6 21.
axb6 axb6 22. Ra7 Rd7 23. Qa2 Bxg2 24. Kxg2 Nh4+ 25. Kf1 exd4 26. cxd4 Qxd4 27. Bb2 Qf4 28. Bd5 Nf3 29. Bc1 Qf5 30. Re3 Qxh3+ 31. Ke2 Ng1+ 32.
Kd1 Qg4+ 33. Kc2 c6 34. Rxd7 Qxd7 35. Bb3 d5 36. Kb1 d4 37. Rg3 Ne2 38. Qxe2 d3 39. Qe5 g5 40. Bxg5 Kh7 41. Bf6 Rg8 42. Rxg8 Kxg8 43. Qg3+ Kf8 44. Qg7+ Ke8 45. Qg8# 1-0

[Event "Early-Titled-Tuesday-Blitz-October-17-2023"]
[Site "Chess.com"]
[Date "2023.10.17"]
[Round "1"]
[White "MdSharifHossain"]
[Black "Maxfan2008"]
[Result "1-0"]
[WhiteElo "2199"]
[BlackElo "2546"]
[TimeControl "180+1"]
[EndTime "8:07:38 PDT"]
[Termination "MdSharifHossain won by checkmate"]

1. e4 c5 2. Nf3 d6 3. d4 cxd4 4.
Nxd4 Nf6 5. Nc3 a6 6. Be3 e5 7. Nb3 Be6 8. f3 Be7 9. Qd2 O-O 10. Qf2 Nbd7 11. a4 b5 12. Bd3 b4 13. Ne2 d5 14. Ng3 d4 15. Bd2 Rc8 16. O-O Nc5 17. Nxc5 Bxc5 18. b3 Bb6 19. Kh1 a5 20. Bg5 h6 21.
Bd2 Qd7 22. Rae1 Rc7 23. Rg1 Rfc8 24. Nf5 Bxf5 25. exf5 Qd6 26. Qg3 Nd7 27. Re2 Qf6 28. Rge1 Kf8 29. Qh3 Rc5 30. g4 Ke7 31. Rg1 Qc6 32.
Qg3 f6 33. Be4 Qc7 34. Bd3 Kf8 35. h4 Rxc2 36. Bxc2 d3 37. Bxd3 Bxg1 38. Qxg1 Qc6 39. Qe3 Nc5 40. Bc4 Rd8 41. Kg2 e4 42. fxe4 Re8 43.
Bd5 Qd6 44. Bc1 Nd7 45. Bb2 Ne5 46. Bxe5 Qxe5 47. Qc5+ Re7 48. Rc2 Qf4 49. Qf2 Qxg4+ 50. Qg3 Qd1 51. Rc8+ Re8 52. Qd6# 1-0

[Event "Early-Titled-Tuesday-Blitz-October-17-2023"]
[Site "Chess.com"]
[Date "2023.10.17"]
[Round "1"]
[White "venturov"]
[Black "GothamChess"]
[Result "1-0"]
[WhiteElo "2437"]
[BlackElo "2699"]
[TimeControl "180+1"]
[EndTime "8:07:44 PDT"]
[Termination "venturov won on time"]

1. e4 c6 2. d4 d5 3. e5 c5 4. Nf3 Bg4 5. dxc5 e6 6. Bb5+ Nd7 7. b4 Ne7 8. Nbd2 Qc7 9. h3 Bh5 10. Bb2 Nc6 11. a3 Be7 12. Qe2 a5 13. Bxc6 Qxc6 14.
O-O Qa4 15. c3 O-O 16. g4 Bg6 17. Nd4 h6 18. f4 Bh7 19. N2f3 Nb8 20. f5 Nc6 21. Nxc6 bxc6 22. Nd4 Bg5 23. Qf2 Rae8 24. h4 Bd8 25. Rae1 Bc7 26. Qf4 Bd8 27. f6 Kh8 28. h5 Rg8 29. Kh1 gxf6 30. exf6 Rg5 31. Nf3 Qc2 32. Nxg5 hxg5 33. Qf2 Be4+ 34. Kg1 Qd3 35.
Re3 Qc4 36. Bc1 Bc7 37. Rxe4 Qxe4 38. Be3 Qe5 39. Bd4 Qe4 40. Qg2 Qxg2+ 41. Kxg2 e5 42. Be3 Rg8 43. Rf5 e4 44. Bxg5 axb4 45. axb4 Ra8 46. Be3 Ra2+ 47. Rf2 Ra3 48. Bd4 Ra1 49. g5 Rb1 50. g6 Kg8 51. h6 e3 52. h7+ Kh8 53. gxf7 1-0

[Event "Early-Titled-Tuesday-Blitz-October-17-2023"]
[Site "Chess.com"]
[Date "2023.10.17"]
[Round "1"]
[White "szachmistrz2500"]
[Black "Sokoloco"]
[Result "0-1"]
[WhiteElo "2409"]
[BlackElo "2690"]
[TimeControl "180+1"]
[EndTime "8:07:45 PDT"]
[Termination "Sokoloco won on time"]

1. Nf3 d5 2. g3 Bg4 3. Bg2 Bxf3 4. Bxf3 e6 5. d3 Nf6 6. Nd2 c6 7. e4 Nbd7 8. Qe2 Bd6 9. c3 O-O 10. O-O Re8 11. Bg2 dxe4 12. dxe4 e5 13. Nc4 Bc7 14. Rd1 Qe7 15. Be3 Nc5 16. f3 b5 17.
Nd2 Red8 18. Nb3 Bb6 19. Qf2 Nfd7 20. Nxc5 Nxc5 21. Bf1 Na4 22. Bxb6 axb6 23. Kg2 h6 24. Bd3 Nc5 25. Bc2 Rxd1 26. Bxd1 Rd8 27. Bc2 Rd6 28. Rd1 Qd7 29. Rxd6 Qxd6 30. b4 Nd7 31. Qe3 c5 32. a3 Kf8 33. Kf2 Qc6 34. Bb3 Ke7 35. Bd5 Qc7 36.
f4 Qa7 37. Bc6 Qxa3 38. Bxb5 cxb4 39. Bxd7 bxc3 40. Bc6 Qb2+ 41. Kf3 c2 42. Qd3 g6 43. Qd7+ Kf8 0-1

[Event "Early-Titled-Tuesday-Blitz-October-17-2023"]
[Site "Chess.com"]
[Date "2023.10.17"]
[Round "1"]
[White "Legendinunknown"]
[Black "Tonychess32"]
[Result "0-1"]
[WhiteElo "2811"]
[BlackElo "2499"]
[TimeControl "180+1"]
[EndTime "8:07:47 PDT"]
[Termination "Tonychess32 won by resignation"]

1. d4 Nf6 2. Nf3 e6 3. Bg5 d5 4. Nbd2 Be7 5. e3 Ne4 6. Bxe7 Qxe7 7. Nxe4 dxe4 8. Nd2 f5 9. f3 exf3 10. Qxf3 Nc6 11.
Bc4 Bd7 12. c3 O-O-O 13. O-O-O e5 14. Rhf1 Rhf8 15. Rde1 e4 16. Qg3 g6 17. Kb1 Na5 18. Be2 a6 19. Nc4 Nxc4 20. Bxc4 Rf6 21. Ka1 Bb5 22.
Bxb5 axb5 23. a3 c5 24. Rc1 Rc6 25. h4 Qe6 26. h5 Rd7 27. hxg6 hxg6 28. Rh1 Qf6 29.
Rh6 cxd4 30. exd4 Rxd4 31. Rch1 Rd8 32. Rh7 Qd6 33. Qe3 Kb8 34. Rg7 Rc7 35. Rxc7 Qxc7 36. g4 Qd6 37. gxf5 gxf5 38. Rf1 Rf8 39. Qe2 Qe5 40. Qh5 e3 41. Re1 Re8 42. Kb1 Qe4+ 43.
Kc1 f4 44. Qxb5 f3 45. Qb6 f2 46. Rd1 Qe5 47. Rd7 f1=Q+ 48. Kc2 Qg2+ 49. Kb1 Qh1+ 50.
Ka2 Qhd5+ 51. Rxd5 Qxd5+ 52. b3 Qd2+ 53. Kb1 e2 0-1

[Event "Early-Titled-Tuesday-Blitz-October-17-2023"]
[Site "Chess.com"]
[Date "2023.10.17"]
[Round "1"]
[White "Sanyura"]
[Black "kingapolak"]
[Result "0-1"]
[WhiteElo "2535"]
[BlackElo "2148"]
[TimeControl "180+1"]
[EndTime "8:07:47 PDT"]
[Termination "kingapolak won by checkmate"]

1. e4 c5 2. Nf3 Nc6 3. d4 cxd4 4. Nxd4 g6 5. Nc3 Bg7 6. Be3 Nf6 7. Bc4 Qa5 8. O-O d6 9. h3 O-O 10. Bb3 Bd7 11.
Qe2 Nxd4 12. Bxd4 Bc6 13. Rad1 Rfe8 14. f4 Nh5 15. Bxg7 Nxg7 16. f5 Rf8 17. fxg6 hxg6 18. Rf3 Rad8 19. Rdf1 e6 20. Kh1 Qe5 21. Qf2 Rd7 22.
Re3 b5 23. Ne2 g5 24. Ng3 a5 25. a3 a4 26. Ba2 f6 27. Rf3 Rdf7 28. Qd2 g4 29.
Rd3 gxh3 30. Rff3 hxg2+ 31. Kxg2 Bxe4 32. Nxe4 Qxe4 33. Rd4 Qg6+ 34. Rg3 Qh5 35. Rdg4 d5 36. c3 f5 37. Rg5 Qh4 38. Bb1 f4 39. Qd4 f3+ 40. Kf1 Qh1+ 41. Rg1 Qh3+ 42. Kf2 Qh2+ 43.
Kf1 Qe2# 0-1

[Event "Early-Titled-Tuesday-Blitz-October-17-2023"]
[Site "Chess.com"]
[Date "2023.10.17"]
[Round "1"]
[White "djokovic74"]
[Black "andrzej"]
[Result "0-1"]
[WhiteElo "2730"]
[BlackElo "2465"]
[TimeControl "180+1"]
[EndTime "8:07:48 PDT"]
[Termination "andrzej won by resignation"]

1. c4 e6 2. Nf3 d5 3. g3 Nf6 4. d4 dxc4 5. Bg2 c5 6. O-O Nc6 7. dxc5 Qxd1 8. Rxd1 Bxc5 9. Nbd2 c3 10. bxc3 O-O 11.
Nb3 Be7 12. Nfd4 Nxd4 13. cxd4 Nd5 14. Bd2 f5 15. Na5 b6 16. Nc6 Bf6 17. e3 Bb7 18. Nb4 Rfc8 19. Nxd5 Bxd5 20. Bxd5 exd5 21. Rdc1 Kf7 22. Kf1 Ke6 23. Ke2 Rc4 24. Rxc4 dxc4 25.
Rb1 Rb8 26. f3 b5 27. Bc3 Kd5 28. g4 g6 29. gxf5 gxf5 30. Bb4 Rg8 31. Kf1 f4 32. e4+ Kxd4 33. Bd2 c3 34. Bxf4 Kc4 35. e5 Be7 36. Kf2 Bc5+ 37. Be3 a5 38. f4 b4 39. Bxc5 Kxc5 40. Ke3 Kc4 41. f5 Kd5 42. Kf4 c2 43.
Rc1 Rc8 44. f6 Ke6 45. Rg1 a4 46. Ke4 c1=Q 47. Rxc1 Rxc1 0-1

[Event "Early-Titled-Tuesday-Blitz-October-17-2023"]
[Site "Chess.com"]
[Date "2023.10.17"]
[Round "1"]
[White "AlivodicDario"]
[Black "DreamsAreFake"]
[Result "0-1"]
[WhiteElo "2447"]
[BlackElo "2738"]
[TimeControl "180+1"]
[EndTime "8:07:49 PDT"]
[Termination "DreamsAreFake won by resignation"]

1. d4 Nf6 2. c4 b6 3. Nc3 Bb7 4. Bg5 g6 5. d5 Bg7 6. e4 d6 7. Bd3 O-O 8. Qd2 Nbd7 9. Nge2 c6 10. h4 h5 11. Ng3 cxd5 12. cxd5 Rc8 13. Bh6 Ne5 14. Be2 Nc4 15. Qc1 Bxh6 16. Qxh6 Nxb2 17. Bxh5 Rxc3 18. f3 Qc7 19. Bxg6 Nd3+ 20. Kd1 Rc8 21. Bf5 Rc1+ 22. Rxc1 Qxc1+ 23. Qxc1 Rxc1+ 24. Kd2 Rxh1 25. Nxh1 Nc5 26. Ke3 b5 27. g4 a5 28.
Ng3 b4 29. g5 Ne8 30. h5 Ba6 31. h6 Bc4 32. g6 fxg6 33. Bxg6 Nf6 34. Nf5 e6 35.
Nxd6 Bxa2 36. Kd4 Ncd7 37. e5 Nh7 38. dxe6 Bxe6 39. f4 Ndf8 40. f5 b3 41. Kc3 Bd5 42.
Bxh7+ Nxh7 43. e6 Kf8 44. Kb2 a4 45. Nb5 Ke7 46. Nc3 Bc6 47. Ne4 Bxe4 48. Ka3 Bc6 49. Kb2 Kf6 50. Ka3 Kxf5 51. e7 Ke6 52. Kb2 Kxe7 0-1

[Event "Early-Titled-Tuesday-Blitz-October-17-2023"]
[Site "Chess.com"]
[Date "2023.10.17"]
[Round "1"]
[White "DefiantChair"]
[Black "Flaccidmoves"]
[Result "0-1"]
[WhiteElo "2673"]
[BlackElo "2423"]
[TimeControl "180+1"]
[EndTime "8:07:49 PDT"]
[Termination "Flaccidmoves won by checkmate"]

1. e4 g6 2. d4 Bg7 3. Nc3 d6 4. f4 Nf6 5. Nf3 O-O 6. Bd3 c5 7. dxc5 dxc5 8. e5 Nd5 9. Nxd5 Qxd5 10. Qe2 Nc6 11. c3 Bf5 12. Bxf5 gxf5 13. Be3 b6 14. O-O Kh8 15. Rad1 Qxa2 16. c4 Rad8 17. Ra1 Qb3 18. Ra3 Qb4 19. Qc2 Nd4 20. Bxd4 cxd4 21.
Qxf5 f6 22. Qd3 a5 23. Rb3 Qc5 24. Rb5 Qc6 25. Re1 fxe5 26. Ng5 Qg6 27. Qxg6 hxg6 28. Ne6 exf4 29. Nxf8 Bxf8 30. Rd5 Rc8 31. Rxd4 e5 32.
Rde4 Bc5+ 33. Kf1 Bd4 34. b3 a4 35. bxa4 Rxc4 36. Rb1 Rxa4 37. g3 f3 38. Rxd4 Rxd4 39. Kf2 e4 40. Rxb6 Rd2+ 41. Kf1 e3 42. Rb1 Rxh2 43. Kg1 Rg2+ 44. Kh1 Rxg3 45. Rb7 e2 46. Re7 f2 47. Kh2 Rg1 48. Rxe2 Rh1+ 49. Kg3 f1=Q 50.
Re8+ Kg7 51. Re7+ Kf6 52. Re3 Rg1+ 53. Kh4 Qf4+ 54. Kh3 Qg4+ 55. Kh2 Qg2# 0-1

[Event "Early-Titled-Tuesday-Blitz-October-17-2023"]
[Site "Chess.com"]
[Date "2023.10.17"]
[Round "1"]
[White "jk13"]
[Black "KorolDimitriy75"]
[Result "1-0"]
[WhiteElo "2680"]
[BlackElo "2403"]
[TimeControl "180+1"]
[EndTime "8:07:49 PDT"]
[Termination "jk13 won by resignation"]

1. e4 c5 2. c3 d5 3. exd5 Qxd5 4. d4 cxd4 5. cxd4 Nc6 6. Nf3 e5 7. Nc3 Bb4 8. Bd2 Bxc3 9. Bxc3 e4 10. Ne5 Nxe5 11.
dxe5 Ne7 12. Qe2 O-O 13. Rd1 Qxa2 14. Qxe4 Bf5 15. Qc4 Qxc4 16. Bxc4 Rfc8 17. Ba2 Be6 18. Bb1 Nd5 19. Bd2 Rc6 20. f4 g6 21. Be4 Rb6 22. Bc1 Rd8 23. Kf2 Rb4 24. Rhe1 Rd7 25.
g3 h5 26. Rd3 a5 27. Bf3 Nxf4 28. Rxd7 Nh3+ 29. Kg2 Bxd7 30. Re2 a4 31. Rc2 g5 32. Bxh5 g4 33. Bd2 Bc6+ 34. Kf1 Re4 35. Bc3 Re3 36. Bxg4 Ng5 37. Bd2 Re4 38. Be2 Ne6 39. Bc3 Nd4 40. Bxd4 Rxd4 41. Kf2 Re4 42. Rc5 Rb4 43. Rc2 Re4 44.
Bf3 Rxe5 45. Bxc6 bxc6 46. Rxc6 Rb5 47. Rc2 Rb3 48. Kg2 a3 49. bxa3 Rxa3 50. Rc5 Kg7 51. h4 Ra4 52. Kh3 Kg6 53. Rg5+ Kh6 54. Rg4 f6 55.
Rxa4 1-0

[Event "Early-Titled-Tuesday-Blitz-October-17-2023"]
[Site "Chess.com"]
[Date "2023.10.17"]
[Round "1"]
[White "GaiozNigalidze"]
[Black "GMaka"]
[Result "0-1"]
[WhiteElo "2706"]
[BlackElo "2468"]
[TimeControl "180+1"]
[EndTime "8:07:51 PDT"]
[Termination "GMaka won by resignation"]

1. c4 e6 2. Nf3 Nf6 3. b3 b6 4.
Bb2 Bb7 5. g3 Bxf3 6. exf3 c5 7.
Bg2 Nc6 8. f4 g6 9. d4 cxd4 10.
Bxd4 Nxd4 11. Qxd4 Rc8 12. Nc3 Bg7 13. O-O O-O 14. Qd3 d5 15. Nb5 a6 16. Na3 Qe7 17.
Nc2 Rfd8 18. Qe2 dxc4 19. bxc4 Qc5 20. Ne3 Rd4 21. Rab1 Rcd8 22. Rb2 R8d6 23. h3 Qa5 24. Qf3 Ne4 25. c5 Nxc5 26. Rc2 Rd8 27. Nc4 Qa4 28. Ne3 Ne4 29. Qe2 b5 30. Rfc1 Nd2 31. g4 Bf8 32. f5 exf5 33. gxf5 Ne4 34. fxg6 hxg6 35. Ng4 Bg7 36.
Rc8 Nf6 37. Rxd8+ Rxd8 38. Nxf6+ Bxf6 39. Qf3 Qd4 40. Qb7 Rd6 41. Qa8+ Kg7 42. Qf3 Bg5 43.
Re1 Qf4 44. Qxf4 Bxf4 45. Be4 Rd2 46. Bb1 Bd6 47. Kg2 Bc5 48. Rf1 Rb2 49. Kf3 Bxf2 50. Rxf2 Rxb1 51. Rc2 Rb4 52. Rc6 Ra4 0-1

[Event "Early-Titled-Tuesday-Blitz-October-17-2023"]
[Site "Chess.com"]
[Date "2023.10.17"]
[Round "1"]
[White "Hambardzumyan_Yuri"]
[Black "2k28Lakers"]
[Result "0-1"]
[WhiteElo "2234"]
[BlackElo "2617"]
[TimeControl "180+1"]
[EndTime "8:07:52 PDT"]
[Termination "2k28Lakers won by resignation"]

1. e4 e5 2. Nf3 Nc6 3. Bc4 Nf6 4. d3 Bc5 5. Bg5 a6 6. a4 h6 7. Bh4 d6 8. c3 Be6 9. Nbd2 Qe7 10. b4 Ba7 11.
Qb3 O-O-O 12. a5 g5 13. Bg3 d5 14. exd5 Bxd5 15. b5 Bxc4 16. Nxc4 axb5 17. Qxb5 e4 18. O-O Rd5 19. Qb3 exf3 20. a6 b5 21. Ne3 Bxe3 22.
fxe3 Na7 23. Bf2 Rxd3 24. e4 c5 25. e5 Ne4 26. Qc2 Rhd8 27. gxf3 Nxf2 28. Rxf2 Qxe5 29. Raf1 Qf4 30. c4 b4 31. Qa4 Rd2 32. Qa5 Rxf2 33. Qxc5+ Qc7 34. Qxf2 Qxc4 35. Qe3 Nc6 36. Rc1 Qd5 37.
a7 Kb7 38. Ra1 Ra8 39. Qe2 Rxa7 40. Rd1 Qc5+ 41. Kg2 Ra3 42. Rd7+ Kb6 43. Kg3 Qe5+ 44. Qxe5 Nxe5 45. Re7 Nc6 46. Rxf7 Rd3 47. Rf6 b3 0-1